Cogmind - Beta 15 @@@ ROGUE MODE // 2025.10.11 @ 17:50:02 Player: microsand Result: Destroyed by B-75 Beast with Heavy Plasma Cannon Performance ------------- Evolutions (3) 1500 Regions Visited (7) 1400 Robots Destroyed (50) 250 Value Destroyed (1459) 1459 Prototype IDs (2) 40 Alien Tech Used (0) 0 Bonus (25) 25 TOTAL SCORE: 4674 Bonus ------- Follower Combat Kills 25 Cogmind --------- Core Integrity 0/700 Matter 254/300 Energy 99/100 System Corruption 1% Temperature Cool (12) Movement Core (50) Location -7/Lower Caves Parts ------- > --- POWER (1) -------- (None) > --- PROPULSION (2) --- (None) > --- UTILITY (8) ------ Improved Signal Interpreter Target Analyzer > --- WEAPON (2) ------- (None) > --- INVENTORY (5) ---- Heavy Deuterium Engine Light Treads Beam Rifle Mining Laser Peak State ------------ > --- POWER ------------ Nuclear Core > --- PROPULSION ------- Carbon-fiber Leg Improved Titanium Leg > --- UTILITY ---------- Medium Storage Unit Weight Redist. System Improved Signal Interpreter Terrain Scanner Improved Light Armor Plating Shield Generator Hacking Suite Hacking Suite > --- WEAPON ----------- Heavy Laser Heavy Particle Cannon > --- INVENTORY -------- Light Nuclear Core Light Treads Small Storage Unit Target Analyzer Beam Rifle Heavy Assault Rifle Mining Laser [Rating: 36] Favorites ----------- Power Ion Engine Engine Ion Engine Power Core Nuclear Core Propulsion Aluminum Leg Treads Light Treads Leg Aluminum Leg Utility Medium Storage Unit Device Terrain Scanner Storage Medium Storage Unit Processor Improved Signal Interpreter Hackware Hacking Suite Protection Light Armor Plating Weapon Autogun Energy Gun Shock Rifle Energy Cannon Heavy Particle Cannon Ballistic Gun Autogun Ballistic Cannon Light Cannon Launcher Rocket Launcher Special Weapon Mining Laser Build | -11 -10 -10 -9 -9 -8 -7 -7 ------- Run | Yrd Mat Min Mat Min Mat Fac Low Slots Evolved 6 | . . . 2 . 2 2 . Power . | . . . . . . . . Propulsion . | . . . . . . . . Utility 6 | . . . 2 . 2 2 . Weapon . | . . . . . . . . Parts Attached 43 | 7 . 2 7 6 11 8 2 Power 4 | 1 . . . 1 2 . . Engine 2 | 1 . . . 1 . . . Core 2 | . . . . . 2 . . Reactor . | . . . . . . . . Propulsion 7 | 2 . . 2 1 . 2 . Treads 2 | 2 . . . . . . . Leg 5 | . . . 2 1 . 2 . Wheel . | . . . . . . . . Hover . | . . . . . . . . Flight . | . . . . . . . . Utility 15 | 2 . 1 1 4 4 3 . Device 5 | 1 . 1 . 1 2 . . Storage 2 | 1 . . 1 . . . . Processor 2 | . . . . . 1 1 . Hackware 2 | . . . . . 1 1 . Protection 4 | . . . . 3 . 1 . Artifact . | . . . . . . . . Weapon 17 | 2 . 1 4 . 5 3 2 Energy Gun 6 | 1 . . . . 3 1 1 Energy Cannon 2 | . . . . . 2 . . Ballistic Gun 6 | 1 . . 2 . . 2 1 Ballistic Cannon 1 | . . . 1 . . . . Launcher 1 | . . . 1 . . . . Special Weapon 1 | . . 1 . . . . . Impact Weapon . | . . . . . . . . Slashing Weapon . | . . . . . . . . Piercing Weapon . | . . . . . . . . Special Melee Weapon . | . . . . . . . . Unidentified Prototypes 2 | . . 1 . . 1 . . Corrupted Parts 1 | . . . . . 1 . . System Corruption 1 | . . . . . 1 . . Parts Lost 24 | . . 3 . 2 2 8 9 Power 3 | . . 1 . . . 1 1 Propulsion 4 | . . 1 . 1 . 1 1 Utility 10 | . . . . 1 2 4 3 Weapon 7 | . . 1 . . . 2 4 Highest Loss Streak 8 | . . 3 . 1 1 7 8 To Critical Strikes . | . . . . . . . . Average Backups 6 | . 1 2 5 8 7 6 4 Power . | . . . . . 2 1 1 Propulsion . | . . . . 1 1 1 1 Utility 1 | . . 1 1 2 1 1 . Weapon 3 | . 1 . 2 4 3 2 2 Tool/Special . | . . . . . . . . Unused Backups 5 | . . . . 1 3 . 1 Power 2 | . . . . . 1 . 1 Propulsion . | . . . . . . . . Utility 1 | . . . . 1 . . . Weapon 2 | . . . . . 2 . . Tool/Special . | . . . . . . . . Average Slot Usage (%) 81 | . 100 58 74 85 83 88 28 Engine 3 | . 14 4 . 3 6 . . Core 1 | . . . . . 2 5 . Treads 1 | . 28 17 2 . . . . Leg 16 | . . . 17 21 18 11 1 Device 18 | . 14 14 21 20 16 18 1 Storage 10 | . 14 4 11 11 9 10 2 Processor 2 | . . . . . 3 10 15 Hackware 2 | . . . . . 3 10 3 Protection 4 | . . . . 6 5 3 . Energy Gun 2 | . 14 4 . . 6 1 1 Energy Cannon 3 | . . . . . 10 6 . Ballistic Gun 11 | . 14 4 10 22 1 5 1 Peak Build Rating 36 | 7 7 16 23 24 24 36 27 Average Rating 18 | 5 7 11 21 17 16 28 9 On Entrance 14 | . 7 7 16 23 12 24 27 Naked Turns . | . . . . . . . . Heaviest Build 36 | 12 12 15 32 36 32 35 15 Greatest Support 41 | 40 40 40 20 20 26 41 26 Greatest Overweight (x) 4 | . . . 1 3 1 1 4 Average Overweight (x) . | . . . 1 1 1 . . Largest Inventory Capacity 10 | 8 8 8 10 10 10 10 10 Average Capacity 9 | 7 8 5 9 10 10 10 6 Most Carried 10 | 4 1 5 8 10 10 8 6 Average Carried 6 | . 1 2 5 9 7 5 4 Final Capacity 10 | 8 8 5 10 10 10 10 5 Final Carried 9 | 1 1 4 8 8 9 5 4 Class Distribution -------------------- 73% | Mutant 20% | Scavenger-Mutant 6% | Hacker-Mutant Dominant Class ---------------- Mutant | -10/Materials Mutant | -10/Mines Mutant | -9/Materials Mutant | -9/Mines Scavenger-Mutant | -8/Materials Mutant | -7/Factory Mutant | -7/Lower Caves Resources | -11 -10 -10 -9 -9 -8 -7 -7 ----------- Run | Yrd Mat Min Mat Min Mat Fac Low Matter Collected 1288 | 309 36 40 218 315 139 231 . Remotely . | . . . . . . . . Salvage Created 1634 | 100 132 . 314 223 472 378 15 Parts 90 | 5 5 . 19 13 33 14 1 Haulers Intercepted . | . . . . . . . . Recyclers Shooed 1 | 1 . . . . . . . Parts Field Recycled . | . . . . . . . . Retrieved Matter . | . . . . . . . . Parts Self-Destructed 3 | . . . . . . . 3 Prevented . | . . . . . . . . Kills | -11 -10 -10 -9 -9 -8 -7 -7 ------- Run | Yrd Mat Min Mat Min Mat Fac Low Combat Hostiles Destroyed 44 | . 2 . 14 6 12 9 1 Guns 22 | . 2 . 4 6 4 5 1 Cannons 13 | . . . 3 . 8 2 . AOE 7 | . . . 7 . . . . Classes Destroyed 9 | 2 2 . 2 . 2 1 . Worker 1 | . 1 . . . . . . Tunneler 1 | 1 . . . . . . . Recycler 2 | 1 . . . 1 . . . Operator 1 | . . . . . 1 . . Watcher 1 | . . . . . 1 . . Swarmer 17 | . . . 6 4 6 . 1 Grunt 19 | . 2 . 6 2 2 7 . Sentry 7 | . . . 2 . 4 1 . Hunter 1 | . . . . . . 1 . Best Kill Streak 6 | 1 3 . 6 4 3 2 1 Combat Bots Only 6 | . 2 . 6 4 3 2 1 Max Kills in Single Turn 2 | 1 1 . 1 2 1 1 1 Gunslinging 1 | . . . . 1 . . . Exploded 1 | . . . 1 . . . . Melee . | . . . . . . . . Uniques/NPCs Destroyed . | . . . . . . . . Combat | -11 -10 -10 -9 -9 -8 -7 -7 -------- Run | Yrd Mat Min Mat Min Mat Fac Low Hostile Shots Fired 441 | . 27 8 43 32 34 228 69 Missed 121 | . 8 . 11 7 10 73 12 Hits 320 | . 19 8 32 25 24 155 57 Projectile 320 | . 19 8 32 25 24 155 57 AOE 10 | . . 10 . . . . . Critical Strikes 12 | . 2 . 1 . 1 5 3 Damage Taken 3874 | . 249 382 390 261 234 1478 880 Core 1075 | . 35 148 59 70 32 283 448 Absorbed by Shields 132 | . . . . . 12 120 . Core Remaining (%) 71 | 100 . 26 . 67 94 . . Volleys Fired 145 | 13 12 2 23 14 24 49 8 Largest 2 | 2 2 2 2 2 2 2 2 Hottest 144 | 60 60 60 63 46 135 144 88 Shots Fired 271 | 25 24 4 46 28 48 82 14 Gun 205 | 25 24 4 24 28 25 61 14 Cannon 55 | . . . 11 . 23 21 . Launcher 11 | . . . 11 . . . . Special . | . . . . . . . . Kinetic 156 | 13 12 2 35 28 6 51 9 Thermal 92 | 12 12 2 . . 30 31 5 Explosive 11 | . . . 11 . . . . Electromagnetic 12 | . . . . . 12 . . Robot Hit Streak 14 | 9 4 1 5 4 7 14 5 Robot Miss Streak 7 | 4 4 6 3 3 2 6 7 Penetration Max . | . . . . . . . . Secondary Targets 2 | . . . . 1 . . 1 Max Gunslinging Chain 1 | . . . . 1 . . 1 Shots Hit Robots 169 | 18 12 1 23 12 29 64 10 Core Hits 93 | 3 5 1 21 9 18 32 4 Critical Kills 4 | . . . 1 2 . 1 . Critical Parts Destroyed . | . . . . . . . . Critical Strikes 6 | . . . 1 2 2 1 . Burn 1 | . . . . . 1 . . Meltdown 1 | . . . . . . 1 . Destroy 3 | . . . 1 2 . . . Corrupt 1 | . . . . . 1 . . Melee Attacks . | . . . . . . . . Impact . | . . . . . . . . Slashing . | . . . . . . . . Piercing . | . . . . . . . . Sneak Attacks . | . . . . . . . . Combat Hostiles . | . . . . . . . . Follow-up Attacks . | . . . . . . . . Damage Inflicted 3289 | 209 175 11 716 193 646 1207 132 Guns 1966 | 209 175 11 188 192 247 812 132 Cannons 891 | . . . 101 . 399 391 . Explosions 427 | . . . 427 . . . . Melee . | . . . . . . . . Ramming 5 | . . . . 1 . 4 . Kinetic 1501 | 99 132 . 289 192 65 620 104 Thermal 1203 | 110 43 11 . . 428 583 28 Explosive 427 | . . . 427 . . . . Electromagnetic 153 | . . . . . 153 . . Impact . | . . . . . . . . Slashing . | . . . . . . . . Piercing . | . . . . . . . . Highest Corruption 1 | . . . . . 1 1 1 Average Corruption 1 | . . . . . 1 1 1 Corruption Purged . | . . . . . . . . Corruption Blocked . | . . . . . . . . Effects 4 | . . . . . . 4 . Message Errors 1 | . . . . . . 1 . Heat Flow Errors 1 | . . . . . . 1 . Parts Fused 1 | . . . . . . 1 . Data Loss (minor) 1 | . . . . . . 1 . Overload Shots . | . . . . . . . . Overflow Damage 10 | . . . 10 . . . . Projectiles . | . . . . . . . . Explosions 10 | . . . 10 . . . . Melee . | . . . . . . . . Knockbacks . | . . . . . . . . Impact . | . . . . . . . . Kinetic . | . . . . . . . . Secondary . | . . . . . . . . Self-Inflicted Damage 39 | . . . 39 . . . . Shots 2 | . . . 2 . . . . Rammed . | . . . . . . . . Targets Rammed 2 | . . . . 1 . 1 . Kicked 2 | . . . . 1 . 1 . Crushed . | . . . . . . . . Highest Temperature 292 | . 177 . 20 4 279 292 44 Average Temperature 92 | . 103 . 7 2 75 122 22 Received Heat Transfer 1232 | . 177 . 129 102 81 695 48 Effects 2 | . . . . . 1 1 . Energy Bleed 2 | . . . . . 1 1 . Siege Activations . | . . . . . . . . Martial Activations . | . . . . . . . . Shielding Activations . | . . . . . . . . Robots Disrupted . | . . . . . . . . Combat Hostiles . | . . . . . . . . Robots Corrupted . | . . . . . . . . Combat Hostiles . | . . . . . . . . Parts Fried . | . . . . . . . . Impact Corruptions . | . . . . . . . . Robots Melted 2 | . . . . . . 2 . Combat Hostiles 2 | . . . . . . 2 . Parts Melted 4 | . . . . . 1 3 . Heat Transferred 2151 | 250 100 25 . . 740 962 74 Parts Sabotaged . | . . . . . . . . Parts Stolen . | . . . . . . . . Parts Stripped . | . . . . . . . . Power Chain Reactions . | . . . . . . . . Alert | -11 -10 -10 -9 -9 -8 -7 -7 ------- Run | Yrd Mat Min Mat Min Mat Fac Low Maximum Alert Level 1 | . . . 1 . . . . Low Security (%) 99 | 100 100 100 96 100 100 100 . Level 1 . | . . . 3 . . . . Level 2 . | . . . . . . . . Level 3 . | . . . . . . . . Level 4 . | . . . . . . . . Level 5 . | . . . . . . . . High Security . | . . . . . . . . Max Security . | . . . . . . . . Peak Influence 206 | 5 50 15 206 90 86 80 . Initial 48 | . . . . 48 27 . . Average 22 | . 7 1 102 11 12 14 . Influence Increases 1525 | 10 61 30 481 145 385 258 155 Destroy 0b10 Robot/C 900 | . 40 . 300 120 240 180 20 Destroy 0b10 Robot/NC 30 | 10 5 . . 5 10 . . Destroy Leader 212 | . 10 . 70 20 72 40 . Allied During Kill 13 | . . . 13 . . . . Successful Hack 37 | . 5 . 9 . 15 8 . Disable Machine 60 | . . . 15 . 45 . . Destroy Structure 78 | . 1 . 74 . 3 . . Lose Combat Pursuer 195 | . . 30 . . . 30 135 Influence Decreases 1440 | 10 61 30 355 199 457 236 92 Entered New Map 132 | . . . . 78 45 . 9 Time Decay 977 | 10 21 25 274 120 291 186 50 Lost Part 96 | . . . . 1 12 50 33 Lost Ally 55 | . . 5 50 . . . . Purge Threat 180 | . 40 . 31 . 109 . . Squads Dispatched 6 | . . . 3 . 1 2 . Investigation 2 | . . . 2 . . . . Extermination 1 | . . . . . . 1 . Reinforcement 3 | . . . 1 . 1 1 . Assault . | . . . . . . . . Garrison . | . . . . . . . . Intercept . | . . . . . . . . Searches Triggered . | . . . . . . . . Construction Impeded . | . . . . . . . . Haulers Reinforced . | . . . . . . . . Active Scanning Responses . | . . . . . . . . Cargo Convoy Interrupts . | . . . . . . . . Stealth | -11 -10 -10 -9 -9 -8 -7 -7 --------- Run | Yrd Mat Min Mat Min Mat Fac Low Distress Signals 2 | . . . . . 1 1 . Communications Jammed . | . . . . . . . . Distress Signals . | . . . . . . . . Times Spotted 69 | . 3 5 16 6 17 11 11 Peak Tracking Total 6 | . 2 2 5 4 4 4 6 Tactical Retreats 5 | . . 2 . . . 1 2 Traps | -11 -10 -10 -9 -9 -8 -7 -7 ------- Run | Yrd Mat Min Mat Min Mat Fac Low Traps Triggered 1 | . . . . . . 1 . Indirectly . | . . . . . . . . Trap Hack Attempts . | . . . . . . . . Triggered . | . . . . . . . . Disarmed . | . . . . . . . . Reprogrammed . | . . . . . . . . Reused . | . . . . . . . . Traps Extracted . | . . . . . . . . Installed . | . . . . . . . . Triggered . | . . . . . . . . Machines | -11 -10 -10 -9 -9 -8 -7 -7 ---------- Run | Yrd Mat Min Mat Min Mat Fac Low Machines Disabled 4 | . . . 1 . 3 . . Max in Single Turn 1 | . . . 1 . 1 . . Machines Repaired . | . . . . . . . . Machines Dismantled . | . . . . . . . . Machines Sabotaged . | . . . . . . . . Overloaded Fab Kills . | . . . . . . . . Hacking | -11 -10 -10 -9 -9 -8 -7 -7 --------- Run | Yrd Mat Min Mat Min Mat Fac Low Machines Accessed 12 | . 1 1 5 . 4 1 . Terminals 11 | . 1 . 5 . 4 1 . Fabricators . | . . . . . . . . Repair Stations . | . . . . . . . . Recycling Units . | . . . . . . . . Scanalyzers . | . . . . . . . . Garrison Access . | . . . . . . . . Total Hacks 32 | . 3 1 12 . 13 3 . Successful 15 | . 2 1 4 . 6 2 . Failed 17 | . 1 . 8 . 7 1 . Catastrophic 4 | . . . 3 . . 1 . Database Lockouts . | . . . . . . . . Manual 30 | . 3 . 12 . 13 2 . Terminals 31 | . 3 . 12 . 13 3 . Fabricators . | . . . . . . . . Repair Stations . | . . . . . . . . Recycling Units . | . . . . . . . . Scanalyzers . | . . . . . . . . Garrison Access . | . . . . . . . . Terminal Hacks 8 | . 1 1 1 . 4 1 . Robot Analysis 1 | . . . . . . 1 . Open Door 1 | . . 1 . . . . . Branch Access Points 1 | . . . . . 1 . . Unreport Threat 5 | . 1 . 1 . 3 . . Fabricator Hacks . | . . . . . . . . Repair Station Hacks . | . . . . . . . . Recycling Unit Hacks . | . . . . . . . . Scanalyzer . | . . . . . . . . Garrison Access Hacks . | . . . . . . . . Unauthorized Hacks 7 | . 1 . 3 . 2 1 . Terminals 7 | . 1 . 3 . 2 1 . Botnet 7 | . 1 . 3 . 2 1 . Fabricators . | . . . . . . . . Repair Stations . | . . . . . . . . Recycling Units . | . . . . . . . . Scanalyzers . | . . . . . . . . Garrison Access . | . . . . . . . . Data Cores Recovered . | . . . . . . . . Used . | . . . . . . . . Hacking Detections 8 | . 1 . 4 . 2 1 . Full Trace Events 1 | . . . 1 . . . . Feedback Events . | . . . . . . . . Feedback Blocked . | . . . . . . . . Robot Schematics Acquired . | . . . . . . . . Robots Built . | . . . . . . . . Authchips . | . . . . . . . . Time . | . . . . . . . . Total Robot Build Rating . | . . . . . . . . Part Schematics Acquired . | . . . . . . . . Parts Built . | . . . . . . . . Authchips . | . . . . . . . . Time . | . . . . . . . . Total Part Build Rating . | . . . . . . . . Parts Repaired . | . . . . . . . . Time . | . . . . . . . . Parts Recycled . | . . . . . . . . Recycled Matter . | . . . . . . . . Retrieved Matter . | . . . . . . . . Retrieved Components . | . . . . . . . . Parts Scanalyzed . | . . . . . . . . Part Schematics Acquired . | . . . . . . . . Parts Damaged . | . . . . . . . . Bothacking | -11 -10 -10 -9 -9 -8 -7 -7 ------------ Run | Yrd Mat Min Mat Min Mat Fac Low Used RIF Installer . | . . . . . . . . Robots Hacked . | . . . . . . . . Non-combat . | . . . . . . . . Combat . | . . . . . . . . Robot Hacks Applied . | . . . . . . . . Relay Couplers Released . | . . . . . . . . Fabnet Peak Effective % . | . . . . . . . . Robots Rewired . | . . . . . . . . Allies Hacked . | . . . . . . . . Hacks Repelled . | . . . . . . . . Allies | -11 -10 -10 -9 -9 -8 -7 -7 -------- Run | Yrd Mat Min Mat Min Mat Fac Low Total Allies 3 | . . 3 . . . . . Largest Group 3 | . . 3 3 . . . . Highest-Rated Group 40 | . . 40 40 . . . . Highest-Rated Ally 16 | . . 16 16 . . . . Total Orders 5 | . . . 2 3 . . . EXPLORE 4 | . . . 1 3 . . . RETURN 1 | . . . 1 . . . . Ally Attacks 21 | . . . 21 . . . . Total Damage 243 | . . . 243 . . . . Kills 1 | . . . 1 . . . . Allies Corrupted . | . . . . . . . . Allies Melted . | . . . . . . . . Intel | -11 -10 -10 -9 -9 -8 -7 -7 ------- Run | Yrd Mat Min Mat Min Mat Fac Low Active Infowar (turns) 5413 | 73 162 126 753 2255 1540 504 . Terrain 4168 | . . . . 2124 1540 504 . Seismic 2211 | 73 162 126 753 1097 . . . Robot Analysis Total 1 | . . . . . . 1 . Derelict Logs Recovered 4 | . . 1 . 2 . . 1 Drone Launches 4 | . . 1 1 2 . . . Drone Recoveries . | . . . . . . . . Exploration | -11 -10 -10 -9 -9 -8 -7 -7 ------------- Run | Yrd Mat Min Mat Min Mat Fac Low Turns Passed 6190 | 233 162 303 754 2255 1540 823 120 Spaces Moved 2898 | 119 79 210 287 1077 583 360 183 Core 238 | 9 . 47 . . . . 182 Treads 412 | 110 79 163 60 . . . . Legs 2248 | . . . 227 1077 583 360 1 Wheels . | . . . . . . . . Hover . | . . . . . . . . Flight . | . . . . . . . . Fastest Speed 50 | 50 160 50 190 190 190 125 50 Average Speed 172 | 151 160 135 200 192 190 159 51 Slowest Speed 330 | 160 160 160 240 330 190 200 250 Overloaded Moves . | . . . . . . . . Propulsion Burnouts . | . . . . . . . . Robots Hopped . | . . . . . . . . Potential Cave-ins . | . . . . . . . . Cave-ins Triggered . | . . . . . . . . Exploration Rate (%) 37 | 6 15 78 32 101 29 6 32 Regions Visited 7 Branch Regions 3 Pre-discovered Areas 2 | . . . . 2 . . . Known Exits Taken 4 | . . . 1 1 1 1 . Unknown Exits Taken 3 | 1 1 1 . . . . . Scrap Searched 3 | . . 1 . 2 . . . Spaces Dug . | . . . . . . . . Terrain Destroyed 105 | . . . 104 . 1 . . Melee . | . . . . . . . . Projectile 1 | . . . . . 1 . . AOE 104 | . . . 104 . . . . Terrain Rammed . | . . . . . . . . Walls Destroyed . | . . . . . . . . Machines Disabled . | . . . . . . . . Actions | -11 -10 -10 -9 -9 -8 -7 -7 --------- Run | Yrd Mat Min Mat Min Mat Fac Low Total 3828 | 147 91 228 423 1241 973 529 196 Wait 654 | 1 1 4 96 127 323 101 1 Move 2891 | 118 78 209 286 1076 582 359 183 Hop . | . . . . . . . . Pick Up 51 | 8 . 3 8 9 16 6 1 Fast Attach . | . . . . . . . . Attach 45 | 7 . 4 5 8 9 10 2 Detach 10 | . . 5 1 1 3 . . Swap 9 | . . . 4 . 5 . . Drop 21 | . . 1 . 5 11 3 1 Fire 145 | 13 12 2 23 14 24 49 8 Melee . | . . . . . . . . Ram . | . . . . . . . . Kick 2 | . . . . 1 . 1 . Crush . | . . . . . . . . Escape Stasis . | . . . . . . . . Rewire . | . . . . . . . . Trap . | . . . . . . . . Miscellaneous . | . . . . . . . . Route ------- -11/Scrapyard -10/Materials -10/Mines -9/Materials (discovered 2 exits: Mat / *Min) -9/Mines (discovered 2 exits: *Mat x2) -8/Materials -7/Factory -7/Lower Caves History --------- Turn | Location | Event 22 | -11/Scrapyard | Discovered new exit (range 15) 234 | -11/Scrapyard | Entered Materials 234 | -10/Materials | Discovered new exit (range 7) 311 | -10/Materials | Build established: Mutant 330 | -10/Materials | Met 8R-AWN 396 | -10/Materials | Entered Mines 398 | -10/Mines | Followed 8R-AWN into the Mines 442 | -10/Mines | Assembled infested the area 443 | -10/Mines | Learned 4 Materials zone layouts 490 | -10/Mines | Core integrity fell below 50% 500 | -10/Mines | Found the Drone Emporium 505 | -10/Mines | Found Prototype Device 515 | -10/Mines | Lost 3 parts (1p1n1w) 523 | -10/Mines | Identified Decoy Drone Bay 549 | -10/Mines | Joined a pair of Derelicts in attacking an 0b10 outpost 613 | -10/Mines | Received a Rocket Launcher from a helpful Derelict 658 | -10/Mines | Discovered new exit (range 4) 666 | -10/Mines | Assisted by bots powering up and referring to "LRC-V3" 699 | -10/Mines | Entered Materials 699 | -9/Materials | Accompanied by 3 allies 699 | -9/Materials | Evolved 2 slots: Utility x2 700 | -9/Materials | Identified exit to Materials 700 | -9/Materials | Identified exit to Mines 970 | -9/Materials | Lost 3 allies 1453 | -9/Materials | Entered Mines 1837 | -9/Mines | YI-UF0 nonchalantly dropped a Grenade Launcher on the ground 2150 | -9/Mines | Found a hidden stash of uninstalled traps 2553 | -9/Mines | Discovered exit to Materials (range 12) 2925 | -9/Mines | Discovered exit to Materials (range 7) 3296 | -9/Mines | Learned location of Storage (-9) 3318 | -9/Mines | Learned Materials trap positions 3708 | -9/Mines | Entered Materials 3708 | -8/Materials | Evolved 2 slots: Utility x2 3709 | -8/Materials | Loaded intel: 20 trap records 3853 | -8/Materials | Build established: Scavenger-Mutant 5097 | -8/Materials | Build established: Mutant 5158 | -8/Materials | Discovered new exit (range 16) 5246 | -8/Materials | Identified exit to Factory 5248 | -8/Materials | Entered Factory 5248 | -7/Factory | Evolved 2 slots: Utility x2 5550 | -7/Factory | Build established: Hacker-Mutant 5737 | -7/Factory | Lost 7 parts (1p1n3u2w) 5887 | -7/Factory | Discovered new exit (range 6) 5949 | -7/Factory | Build established: Mutant 6069 | -7/Factory | Identified exit to Lower Caves 6071 | -7/Factory | Entered Lower Caves 6080 | -7/Lower Caves | Core integrity fell below 50% 6107 | -7/Lower Caves | Core integrity fell below 20% 6124 | -7/Lower Caves | Learned 8 Factory zone layouts 6133 | -7/Lower Caves | Lost 8 parts (1p1n2u4w) 6187 | -7/Lower Caves | Spotted B-75 Beast 6191 | -7/Lower Caves | Destroyed by B-75 Beast with Heavy Plasma Cannon Last Messages --------------- 06075_ S-27 Virus destroyed. 06077_ Flak Gun destroyed. 06080_ Acquired Autogun. 06080_ Sml. Storage Unit destroyed. 06081_ Lgt. Nuclear Core fries itself beyond repair. 06084_ Weight Redist. System destroyed. 06086_ S-27 Virus destroyed. 06086_ Switching to secondary target: S-27 Virus. 06088_ VTOL Module fries itself beyond repair. 06090_ Lgt. Nuclear Core fries itself beyond repair. 06090_ Imp. Titanium Leg destroyed. 06097_ Autogun destroyed. 06099_ Dropped Med. Storage Unit. 06102_ Particle Gun destroyed. 06124_ Acquired derelict log, extracted data. Data stored: Factory zone layouts (x8). 06138_ Hacking Suite destroyed. Map ----- +----------------------------------------------------+ | ?????????????????????????????????????????????????? | | ?????????????????????????????????????????????????? | | ?????????????????????????????????????????????????? | | ?????????????????????????????????????????????????? | | ?????????????????????????????????????????????????? | | ?????????????????????????????????????????????????? | | ?????????????????????????????????????????????????? | | ?????????????????????????????????????????????????? | | ?????????????????????????????????????????????????? | | ?????????????????????????????????????????????????? | | ??????????????????????????##?????????????????????? | | ?????????????????????????? ?????????????????????? | | ?????????????????????????# ?????????????????????? | | ????????????????????????? ?????????????????????? | | ????????????????????????? ?????????????????????? | | ???????????????????????## #?????????????????????? | | ???????????????????????# #?????????????????????? | | ???????????????????????# #?????????????????????? | | ?????????????## ????## ?????????????????????? | | ?????????????# ???## ??????????????????????? | | ????????????## ?## ??????????????????????? | | ???????????## ## ??????????????????????? | | ???????????# ??????????????????????? | | ????????????# #??????????????????????? | | ????????????# ##?????????????????????? | | ?????????????# @ ##????????????????????? | | ??????????????# #????????????????????? | | ?????????????## #????????????????????? | | ?????????##### ##????????????????????? | | ????????? %;##?????????????????????? | | ???????? ##??????????????????????? | | ???????????# #??????????????????????? | | ???????????## BB #??????????????????????? | | ????????????#### BB # ########???????????????? | | ???????????????## ## #???????????????? | | ????????????????# ?# #???????????????? | | ????????????????## ###### ##??????????????? | | ?????????????????##??## #??????????????? | | ???????????????????### ???????? | | ??????????????????## ##### #???????# | | ????????????????### ####??# #????????# | | ????????????????# #???? #????????# | | ??????????###???# ##????? ?????????? | | ????????### ???## ##???????? ??????????? | | ???????## ???## ###??????????????????### | | ??????## #??# #######???????????????????## # | | ?????## #?# ##??????????????????????#### | | ?????# ## ##???????????????????????# | | ?????# #????????????????????????# | | ?????????### #????????????????????????### | +----------------------------------------------------+ Best States ------------- Heat Dissipation 34 Energy Generation 14 Energy Capacity 250 Matter Stores 300 Matter Capacity 300 Sight Range 16 Terrain Scan Range 14 Terrain Scan Density 10 Additional Mass Support 6 Armor Coverage 300 Evasion (%) 55 Target Analysis 5 Recoil Reduction 2 Offensive Hacking 20 Item Schematics ----------------- None Robot Schematics ------------------ None Fabricated ------------ Nothing Repaired ---------- Nothing Alien Tech Used ----------------- None Achievements -------------- None Challenges ------------ None Game ------ Seed GuidanceTerrabombInsulator Manual? 0 Play Time 00:30:42 Cumulative 16.7 hours Start 2025.10.11 @ 10:10:59 End 2025.10.11 @ 17:50:02 Sessions 1 Manual Loads 0 Difficulty Rogue Special Mode None Game No. 48 Rogue 48 Adventurer 0 Explorer 0 Win Type - Total 0 Types 0/0/0/0/0/0/0/0/0/0 Lore% 27 Gallery% 22 Achievement% 23 Wizard Run 0 Options --------- Layout 1 ASCII 0 Keyboard 0 Movement Numpad Keybinds 0 Fullscreen 1 Font 24/Smallcaps Map View 50x35 Zoom Use 0% Tactical HUD 1 Map Filters NONE Filters NONE Steam 1 RUN: 9bd46157-6180-49a6-9b3f-27d00e008062